[Event "Titled Tuesday Blitz September 27 Early 2022"]
[White "Meshkovs, Nikita"]
[Black "Jimenez Almeida, Luis David"]
[WhiteFideId "11602740"]
[BlackFideId "22242244"]
[WhiteElo "2506"]
[BlackElo "2077"]
[Result "1-0"]
[Round "02"]
[TimeControl "180+1"]
[Date "2022.09.27"]
[WhiteClock "0:00:29"]
[BlackClock "0:00:09"]

1. Nf3 Nf6 2. g3 b5 3. Bg2 Bb7 4. O-O e6 5. d4 d5 6. a4 b4 7. c4 dxc4 8. Nbd2 Be7 9. Nxc4 O-O 10. Bf4 c5 11. dxc5 Nbd7 12. Nfe5 Bxg2 13. Kxg2 Bxc5 14. Rc1 Nxe5 15. Nxe5 Qb6 16. Qd3 a6 17. Qf3 Rac8 18. Bg5 Be7 19. Bxf6 Bxf6 20. Nd7 Qd6 21. Nxf8 Rxf8 22. Rfd1 Qe5 23. Rc2 h5 24. h4 g6 25. Rd7 Kg7 26. b3 a5 27. Rcc7 Qb2 28. Ra7 Qe5 29. e3 g5 30. Qxh5 Qe4+ 31. Qf3 Qxf3+ 32. Kxf3 gxh4 33. gxh4 Bxh4 34. Rxa5 1-0


[Site "https://www.chess.com"]

[Event "Titled Tuesday Blitz September 27 Early 2022"]
[White "Mihailidis, Anastasios"]
[Black "Rostomyan, Mikayel"]
[WhiteFideId "4205588"]
[BlackFideId "13313754"]
[WhiteElo "2312"]
[BlackElo "1426"]
[Result "0-1"]
[Round "02"]
[TimeControl "180+1"]
[Date "2022.09.27"]
[WhiteClock "0:00:14"]
[BlackClock "0:00:19"]

1. e4 c5 2. Nf3 Nc6 3. c4 g6 4. d4 cxd4 5. Nxd4 Nf6 6. Nc3 Nxd4 7. Qxd4 d6 8. Be3 Bg7 9. f3 O-O 10. Qd2 Be6 11. Be2 Qa5 12. Nd5 Qxd2+ 13. Kxd2 Bxd5 14. cxd5 Nd7 15. Rab1 a6 16. b3 Rac8 17. Rhc1 f5 18. Rxc8 Rxc8 19. Rc1 Rxc1 20. Kxc1 fxe4 21. fxe4 Be5 22. g3 Nf6 23. Bf3 Kf7 24. Kc2 e6 25. dxe6+ Kxe6 26. Kd3 Kd7 27. Bd4 Kc6 28. Ke3 Nd7 29. Be2 b5 30. Bd3 Nf8 31. a4 Ne6 32. axb5+ axb5 33. Bxe5 dxe5 34. Be2 Kc5 35. Kd3 Nd4 36. Bd1 Kb4 37. Bg4 Nxb3 38. Be6 Nc5+ 0-1


[Site "https://www.chess.com"]

[Event "Titled Tuesday Blitz September 27 Early 2022"]
[White "Mikhailovsky, Vladimir"]
[Black "Gallegos Diaz, Carlos Alberto"]
[WhiteFideId "34105414"]
[BlackFideId "3900886"]
[WhiteElo "2297"]
[BlackElo "2362"]
[Result "1-0"]
[Round "02"]
[TimeControl "180+1"]
[Date "2022.09.27"]
[WhiteClock "0:00:08"]
[BlackClock "0:00:02"]

1. e4 d6 2. d4 Nf6 3. Nc3 c6 4. g3 e5 5. Nge2 Be7 6. Bg2 O-O 7. O-O b5 8. a3 a6 9. h3 Bb7 10. g4 Qc7 11. f4 c5 12. fxe5 dxe5 13. d5 Ne8 14. Ng3 Nd6 15. Qf3 Nd7 16. Nce2 g6 17. Bh6 Rfe8 18. g5 Bf8 19. Bxf8 Rxf8 20. Qg4 Bc8 21. Qh4 Ne8 22. Rf2 Ng7 23. Raf1 Nb6 24. Qh6 Ra7 25. Nc3 Nc4 26. Nd1 Qd6 27. Rf6 Qe7 28. b3 Nxa3 29. Ne3 c4 30. bxc4 Nxc4 31. Nef5 gxf5 32. exf5 Ne3 33. Rf3 Nxg2 34. Kxg2 Bb7 35. Rd6 1-0


[Site "https://www.chess.com"]

[Event "Titled Tuesday Blitz September 27 Early 2022"]
[White "Mirzoev, Azer"]
[Black "Luxama, Jacques Muller"]
[WhiteFideId "13400304"]
[BlackFideId "11900113"]
[WhiteElo "2525"]
[BlackElo "1931"]
[Result "1-0"]
[Round "02"]
[TimeControl "180+1"]
[Date "2022.09.27"]
[WhiteClock "0:00:08"]
[BlackClock "0:00:01"]

1. Nf3 Nc6 2. c4 e6 3. d4 d5 4. Nc3 Nf6 5. e3 Be7 6. a3 a6 7. b4 O-O 8. Bb2 Re8 9. Rc1 Bf8 10. Be2 dxc4 11. Bxc4 Ne7 12. O-O c6 13. Qe2 Ned5 14. Rfd1 g6 15. e4 Nxc3 16. Bxc3 Bg7 17. h3 b5 18. Bb3 Bb7 19. Ne5 Rc8 20. Nd3 Qe7 21. Nc5 Red8 22. Qe3 Rc7 23. Qg5 Ne8 24. Qxe7 Rxe7 25. e5 Bc8 26. f4 Nc7 27. g3 Nd5 28. Bd2 h5 29. Kf2 Bf8 30. Bc2 Ree8 31. Be4 Bxc5 32. Rxc5 Bb7 33. Be3 Rc8 34. Rdc1 Red8 35. Kf3 Kf8 36. Bd2 Ra8 37. R5c2 Kg7 38. Be1 Kh6 39. Rc5 Kg7 40. g4 hxg4+ 41. hxg4 Rh8 42. Bg3 Rh3 43. Kg2 Rah8 44. Re1 R3h7 45. f5 gxf5 46. gxf5 Rh3 47. f6+ Kf8 48. Bxd5 exd5 49. Rc3 R8h5 50. e6 fxe6 51. Rxe6 Rh7 52. Rd6 R3h6 53. Re3 Rf7 54. Rd8# 1-0


[Site "https://www.chess.com"]

[Event "Titled Tuesday Blitz September 27 Early 2022"]
[White "Miszler, Levente"]
[Black "Szente Varga, Fruzsina"]
[WhiteFideId "763276"]
[BlackFideId "712264"]
[WhiteElo "1966"]
[BlackElo "1994"]
[Result "0-1"]
[Round "02"]
[TimeControl "180+1"]
[Date "2022.09.27"]
[WhiteClock "0:00:01"]
[BlackClock "0:00:13"]

1. Nf3 Nf6 2. c4 c6 3. g3 d5 4. Bg2 g6 5. O-O Bg7 6. d3 O-O 7. Nbd2 Re8 8. Rb1 e5 9. e4 dxe4 10. dxe4 Bg4 11. b3 Na6 12. h3 Bxf3 13. Nxf3 Nxe4 14. Bb2 Ng5 15. Nxe5 Bxe5 16. Bxe5 Rxe5 17. f4 Nxh3+ 18. Bxh3 Re3 19. Kh2 Qa5 20. Qc2 Rae8 21. Bg4 h5 22. Bf3 Nb4 23. Qb2 Nd3 24. Qc2 h4 25. Rbd1 Ne1 26. b4 Qxb4 27. Rb1 Qa5 28. Qd1 Nxf3+ 29. Rxf3 Qxa2+ 30. Kh3 Re1 31. Qxe1 Rxe1 32. Rxe1 hxg3 33. Kxg3 Qxc4 34. Re8+ Kg7 35. Rfe3 a5 36. R8e4 Qd5 37. Re7 b5 38. Ra7 a4 39. Ree7 Qd3+ 40. Kg4 Qf5+ 41. Kg3 Qf6 42. Rec7 Qc3+ 43. Kg4 Qc4 44. Ra6 b4 45. Raxc6 Qe2+ 46. Kg3 a3 47. f5 Qe5+ 48. Kh4 Qxf5 0-1


[Site "https://www.chess.com"]

[Event "Titled Tuesday Blitz September 27 Early 2022"]
[White "Mladek, Richard"]
[Black "De Souza, Cristiano Gomes"]
[WhiteFideId "386588"]
[BlackFideId "2151758"]
[WhiteElo "2263"]
[BlackElo "2068"]
[Result "1-0"]
[Round "02"]
[TimeControl "180+1"]
[Date "2022.09.27"]
[WhiteClock "0:00:25"]
[BlackClock "0:00:19"]

1. e4 c5 2. Nf3 d6 3. d4 cxd4 4. Qxd4 Nf6 5. Bb5+ Bd7 6. c4 Nc6 7. Qd3 a6 8. Bxc6 Bxc6 9. Nc3 e6 10. O-O Be7 11. b3 O-O 12. Bb2 Nd7 13. Rad1 Nc5 14. Qe3 Bf6 15. e5 Bxf3 16. Rxd6 Qc7 17. exf6 Bh5 18. fxg7 Qxd6 19. gxf8=Q+ Qxf8 20. b4 Nd7 21. Qd4 Rd8 22. Ne4 e5 23. Qd5 Bg6 24. c5 Qe7 25. Nd6 Nf8 26. Qxe5 Qxe5 27. Bxe5 Ne6 28. Nxb7 Rd2 29. a3 Be4 30. Nd6 Bc6 31. h4 h5 32. Ra1 f6 33. Bg3 Nd4 34. a4 Ne2+ 35. Kh2 Nxg3 36. Kxg3 Rd3+ 37. f3 Rb3 38. b5 axb5 39. a5 b4 40. a6 Ra3 41. Rb1 Rxa6 42. Rxb4 Kg7 43. Rb6 Rxb6 44. cxb6 Kf8 45. b7 Bxb7 46. Nxb7 Ke7 47. Kf4 Ke6 48. Nc5+ Kd5 49. Kf5 Kxc5 50. Kxf6 Kd4 51. Kg5 Ke3 52. Kxh5 Kf2 53. g4 Kg3 54. g5 Kxf3 55. g6 1-0


[Site "https://www.chess.com"]

[Event "Titled Tuesday Blitz September 27 Early 2022"]
[White "Moaataz, Ayah"]
[Black "Goltsev, Dmitry"]
[WhiteFideId "10615873"]
[BlackFideId "24176710"]
[WhiteElo "1993"]
[BlackElo "2257"]
[Result "0-1"]
[Round "02"]
[TimeControl "180+1"]
[Date "2022.09.27"]
[WhiteClock "0:01:29"]
[BlackClock "0:02:07"]

1. c4 Nf6 2. g3 c6 3. Bg2 e6 4. Nf3 d5 5. b3 Nbd7 6. Bb2 Bd6 7. d3 Qe7 8. O-O O-O 9. Qc1 e5 10. cxd5 cxd5 11. Nbd2 Nb6 12. e4 Bd7 13. exd5 Rac8 14. Nc4 Nbxd5 15. Qd1 Bb4 16. Nfxe5 Bf5 17. Rc1 b5 18. Nd2 Bc3 19. Bxc3 Nxc3 20. Qe1 Rfe8 21. Nc6 Qc5 22. b4 Rxe1 23. bxc5 Rxc1 24. Rxc1 Ne2+ 25. Kf1 Nxc1 26. Ne7+ Kf8 27. Nxc8 Bxc8 28. Bc6 Nxd3 29. Bxb5 Nxc5 30. Nc4 Ba6 31. Bxa6 Nxa6 32. Ke2 Ne4 33. a3 Nac5 34. f3 Nc3+ 35. Ke3 Nb5 36. Kf4 Ke7 37. Ke5 Nd7+ 38. Kd5 Nb6+ 39. Kc6 Nxc4 40. Kxb5 Nxa3+ 41. Ka6 Nc4 42. Kxa7 Nd2 43. Kb6 Nxf3 44. Kc5 Nxh2 0-1


[Site "https://www.chess.com"]

[Event "Titled Tuesday Blitz September 27 Early 2022"]
[White "Mogranzini, Roberto"]
[Black "Oparin, Grigoriy"]
[WhiteFideId "810894"]
[BlackFideId "24125890"]
[WhiteElo "2469"]
[BlackElo "2639"]
[Result "1/2-1/2"]
[Round "02"]
[TimeControl "180+1"]
[Date "2022.09.27"]
[WhiteClock "0:00:48"]
[BlackClock "0:00:08"]

1. e4 c5 2. Nf3 d6 3. Nc3 Nf6 4. e5 dxe5 5. Nxe5 e6 6. g3 Qc7 7. Qe2 a6 8. Bg2 Bd7 9. O-O Nc6 10. Nxd7 Qxd7 11. d3 Nd4 12. Qd1 Be7 13. Ne2 Nxe2+ 14. Qxe2 O-O 15. Bd2 Rac8 16. Rfd1 b6 17. a4 Rfd8 18. Bc3 Nd5 19. Be5 Bf8 20. Qg4 f6 21. Bc3 Qf7 22. Re1 e5 23. Bh3 Rc6 24. Qc4 Nb4 25. Bxb4 Qxc4 26. dxc4 cxb4 27. b3 Bc5 28. Rad1 Rcd6 29. Be6+ Kf8 30. Rxd6 Rxd6 31. Bd5 Bd4 32. Kf1 g6 33. f3 Ke7 34. Ke2 Rd8 35. Bb7 a5 36. Bd5 Kd6 37. Kd3 Kc5 38. f4 Rf8 39. Rf1 Re8 40. Re1 Bc3 41. Re2 Rf8 42. Rf2 Re8 43. Re2 Rf8 44. Rf2 h5 45. f5 g5 46. h3 Be1 47. Rg2 g4 48. h4 e4+ 49. Bxe4 Re8 50. Rg1 Bc3 51. Rg2 Bd4 52. Re2 Be5 53. Re3 Bd4 54. Re2 Re5 55. Rg2 Bc3 56. Re2 Ba1 57. Re1 Bd4 58. Re2 Bc3 59. Rg2 Kd6 60. Re2 Kc5 61. Rg2 Re7 62. Re2 Re5 1/2-1/2


[Site "https://www.chess.com"]

[Event "Titled Tuesday Blitz September 27 Early 2022"]
[White "Moksh Amit Doshi"]
[Black "Caruana, Fabiano"]
[WhiteFideId "25064967"]
[BlackFideId "2020009"]
[WhiteElo "2245"]
[BlackElo "2847"]
[Result "0-1"]
[Round "02"]
[TimeControl "180+1"]
[Date "2022.09.27"]
[WhiteClock "0:00:14"]
[BlackClock "0:00:16"]

1. d4 d5 2. c4 e6 3. Nf3 Nf6 4. Nc3 a6 5. cxd5 exd5 6. Bg5 Be6 7. e3 Nbd7 8. Bd3 h6 9. Bf4 Be7 10. h3 c6 11. O-O O-O 12. Rc1 a5 13. Ne5 Nxe5 14. Bxe5 Nd7 15. Bh2 Nb6 16. Nb5 Qd7 17. Nc7 Rac8 18. Nxe6 Qxe6 19. Qb3 Bd8 20. Qc2 g6 21. Rfe1 Qd7 22. Be5 f5 23. f3 Bc7 24. e4 Bxe5 25. dxe5 dxe4 26. fxe4 Qe6 27. exf5 gxf5 28. Re2 Kh8 29. Rf1 f4 30. Qd2 Rcd8 31. Qc3 Nd5 32. Qb3 b5 33. Be4 a4 34. Bxd5 Rxd5 35. Qc3 c5 36. Re4 c4 37. Rexf4 Rxf4 38. Rxf4 Qxe5 39. Qxe5+ Rxe5 40. Rf8+ Kg7 41. Rb8 Kf6 42. Rb6+ Kf5 43. a3 Ke4 44. Kh1 Kd3 45. Rxh6 Kc2 46. g4 Kxb2 47. h4 c3 48. g5 c2 49. Rc6 Re4 50. g6 Rxh4+ 0-1


[Site "https://www.chess.com"]

[Event "Titled Tuesday Blitz September 27 Early 2022"]
[White "Mouhamad, Joachim"]
[Black "Wojtaszek, Radoslaw"]
[WhiteFideId "656410"]
[BlackFideId "1118358"]
[WhiteElo "2147"]
[BlackElo "2606"]
[Result "0-1"]
[Round "02"]
[TimeControl "180+1"]
[Date "2022.09.27"]
[WhiteClock "0:00:04"]
[BlackClock "0:00:14"]

1. e4 c5 2. d4 cxd4 3. c3 d3 4. Bxd3 Nc6 5. c4 g6 6. Nc3 Bg7 7. Nf3 d6 8. O-O Bg4 9. h3 Bxf3 10. Qxf3 Nf6 11. Be3 O-O 12. Qe2 Nd7 13. Rac1 a6 14. f4 Rc8 15. b3 Qa5 16. Qd2 Bd4 17. Kh1 Bxe3 18. Qxe3 Qc5 19. Qg3 e6 20. Rfd1 Rcd8 21. Be2 Nf6 22. Bf3 Nd4 23. Na4 Qa7 24. e5 dxe5 25. fxe5 Nd7 26. Be4 b5 27. Nb2 Nc5 28. Bb1 Ne2 29. Qe3 Nxc1 30. Rxc1 b4 31. Rf1 Qc7 32. Nd3 Nxd3 33. Bxd3 Qd7 34. Be4 Qd2 35. Qb6 Qe2 36. Rf4 Rd1+ 37. Kh2 Rf1 38. Rxf1 Qxf1 39. Qe3 Qa1 40. Bb7 Qc3 41. Qc5 Rd8 42. Bxa6 Rd1 43. Bb7 Re1 44. Bf3 Qxe5+ 45. Qxe5 Rxe5 46. Kg3 Rc5 47. Kf4 e5+ 48. Ke3 Ra5 49. Kd3 Kf8 50. Kc2 Rxa2+ 51. Kb1 Ra5 52. Bd5 Ke7 53. Bc6 f5 54. Bb5 Kd6 55. Kc2 Kc5 56. Kd3 Ra2 57. g3 Rb2 0-1


[Site "https://www.chess.com"]

[Event "Titled Tuesday Blitz September 27 Early 2022"]
[White "Murtazin, Ruslan"]
[Black "Zhao, Jun"]
[WhiteFideId "24175960"]
[BlackFideId "8602522"]
[WhiteElo "2212"]
[BlackElo "2547"]
[Result "0-1"]
[Round "02"]
[TimeControl "180+1"]
[Date "2022.09.27"]
[WhiteClock "0:00:02"]
[BlackClock "0:00:06"]

1. e4 e5 2. Nf3 Nc6 3. Nc3 Nf6 4. Be2 d6 5. O-O Be7 6. d4 O-O 7. h3 exd4 8. Nxd4 Bd7 9. f4 Re8 10. Bf3 Nxd4 11. Qxd4 Bc6 12. Be3 Nd7 13. Nd5 Bf6 14. Nxf6+ Nxf6 15. e5 dxe5 16. Qxd8 Raxd8 17. Bxc6 bxc6 18. fxe5 Rxe5 19. Bxa7 c5 20. Rfe1 Red5 21. c4 Rd2 22. b3 Nd7 23. Rad1 Rd6 24. b4 Ra8 25. bxc5 Rxd1 26. Rxd1 Nf8 27. Bb6 Ne6 28. Rd7 g5 29. Bxc7 Ra7 30. Rd8+ Nxd8 31. Bxd8 Rxa2 32. Bxg5 Rc2 33. Be7 Rxc4 34. Kf2 f5 35. Kf3 Kf7 36. Bd6 Ke6 37. g4 Kf6 38. gxf5 Kxf5 39. Be7 Rc3+ 40. Kg2 h5 41. h4 Kg4 42. Kf2 Kf4 43. Ke2 Re3+ 44. Kd2 Rxe7 0-1


[Site "https://www.chess.com"]

[Event "Titled Tuesday Blitz September 27 Early 2022"]
[White "Narayanan.S.L"]
[Black "Jakubowski, Krzysztof"]
[WhiteFideId "5058422"]
[BlackFideId "1112848"]
[WhiteElo "2504"]
[BlackElo "2306"]
[Result "1-0"]
[Round "02"]
[TimeControl "180+1"]
[Date "2022.09.27"]
[WhiteClock "0:01:03"]
[BlackClock "0:00:02"]

1. e4 c5 2. Nf3 e6 3. d4 cxd4 4. Nxd4 Nc6 5. Nc3 Qc7 6. Be3 a6 7. Qd2 Nf6 8. O-O-O Be7 9. Kb1 O-O 10. g4 Nxg4 11. Rg1 Nxe3 12. Qxe3 Nxd4 13. Qxd4 f6 14. Qe3 Bc5 15. Qf3 Qe5 16. Bd3 Rf7 17. Ne2 a5 18. Qg2 a4 19. f4 Qc7 20. Rgf1 a3 21. b3 b6 22. f5 Qe5 23. c3 Bb7 24. Qg4 Re7 25. Bc2 Ba6 26. Rd3 exf5 27. Qh3 Bxd3 28. Bxd3 fxe4 29. Bc2 d5 30. Nf4 d4 31. b4 d3 32. Bb3+ Rf7 33. Bxf7+ Kxf7 34. bxc5 Re8 35. Qd7+ Re7 36. Qd5+ Qxd5 37. Nxd5 Re5 38. c4 bxc5 39. Re1 d2 40. Rh1 e3 41. Kc2 Re4 42. Kd3 Rd4+ 43. Ke2 Rxc4 44. Nxe3 Rb4 45. Kxd2 Rh4 46. h3 g5 47. Rc1 1-0


[Site "https://www.chess.com"]

[Event "Titled Tuesday Blitz September 27 Early 2022"]
[White "Navarrete Mendez, Gonzalo Alberto"]
[Black "Pultinevicius, Paulius"]
[WhiteFideId "5106850"]
[BlackFideId "12809390"]
[WhiteElo "2261"]
[BlackElo "2472"]
[Result "0-1"]
[Round "02"]
[TimeControl "180+1"]
[Date "2022.09.27"]
[WhiteClock "0:00:01"]
[BlackClock "0:00:05"]

1. e4 c6 2. Nc3 d5 3. Nf3 dxe4 4. Nxe4 Nf6 5. Qe2 Nxe4 6. Qxe4 Qd5 7. Qh4 Qe6+ 8. Be2 Qg4 9. Qg3 Qxg3 10. hxg3 h6 11. b3 Bf5 12. Bb2 Na6 13. a3 Bxc2 14. Nd4 Bg6 15. Bxa6 bxa6 16. Nxc6 Be4 17. Ne5 Bxg2 18. Rh4 Bd5 19. Rc1 e6 20. Rc7 Bd6 21. Nxf7 Bxc7 22. Nxh8 Bd8 23. Rf4 Bg5 24. Rf7 O-O-O 25. Bxg7 Bxb3 26. Rxa7 Bxd2+ 27. Kf1 Bc4+ 28. Kg2 Kb8 29. Re7 Bg5 30. Be5+ Ka8 31. Rc7 Bd5+ 32. Kh3 Bf3 33. Nf7 Rd1 34. Rc8+ Kb7 35. Rc7+ Kb6 36. g4 Bc6 37. Nxg5 hxg5 38. Kg3 Rd3+ 39. Kh2 Rxa3 40. Re7 Bd5 41. Bg3 Ra4 42. Bc7+ Kc6 43. Bg3 Rxg4 44. Rc7+ Kb6 45. Rc8 Rc4 46. Rg8 g4 47. Rg7 Bf3 48. Rg5 a5 49. Be5 a4 50. Rg7 a3 51. Kg3 a2 52. Rg8 Rc1 53. Rb8+ Ka7 0-1


[Site "https://www.chess.com"]

[Event "Titled Tuesday Blitz September 27 Early 2022"]
[White "Nguyen, Thien Ngan"]
[Black "Guz, Ari"]
[WhiteFideId "12414816"]
[BlackFideId "2825759"]
[WhiteElo "1873"]
[BlackElo "1913"]
[Result "0-1"]
[Round "02"]
[TimeControl "180+1"]
[Date "2022.09.27"]
[WhiteClock "0:00:06"]
[BlackClock "0:00:14"]

1. e4 Nf6 2. e5 Nd5 3. c4 Nb6 4. d4 d6 5. f4 dxe5 6. fxe5 Bf5 7. Nc3 Nc6 8. Be3 e6 9. Nf3 Bb4 10. Be2 O-O 11. O-O Na5 12. Nd2 c5 13. a3 cxd4 14. axb4 Nc6 15. b5 Nb4 16. Nf3 dxe3 17. Qb3 a5 18. bxa6 Nxa6 19. Nb5 Nc5 20. Qxe3 Rxa1 21. Rxa1 Nbd7 22. b4 Na6 23. Nd6 Nxb4 24. Nxf5 exf5 25. Rb1 Nc6 26. e6 Re8 27. exf7+ Kxf7 28. Qd3 Nf6 29. Rxb7+ Kg8 30. Qxd8 Nxd8 31. Bd3 Nxb7 32. Bxf5 Nd6 33. Bd3 Rc8 34. Ne5 Re8 35. Nf3 Nfe4 36. g3 Nc5 37. Bf1 Re3 38. Kf2 Rc3 39. Ne5 Rc2+ 40. Kf3 Rxh2 41. Be2 Nf5 42. Bd1 g5 43. g4 Nd4+ 44. Ke3 Nde6 45. Nf3 Rh3 46. Be2 h5 47. gxh5 g4 48. Kf2 gxf3 49. Bxf3 Rh4 50. Kg3 Rxc4 51. Bd5 Rd4 52. Ba2 Kg7 53. Bb1 Kh6 54. Bg6 Nf4 55. Be8 Nxh5+ 56. Kf3 Nf6 57. Ke3 Re4+ 58. Kf3 Rxe8 59. Kf4 Kg6 60. Kf3 Re4 61. Kg3 Kf5 62. Kf3 Nd3 63. Kg3 Re3+ 64. Kg2 Nf4+ 65. Kf2 Ng4+ 66. Kf1 Ke4 67. Kg1 Re1# 0-1


[Site "https://www.chess.com"]

[Event "Titled Tuesday Blitz September 27 Early 2022"]
[White "Obregon Garcia, Roxangel"]
[Black "Manukian, Artak"]
[WhiteFideId "3520420"]
[BlackFideId "13301373"]
[WhiteElo "2036"]
[BlackElo "2523"]
[Result "1-0"]
[Round "02"]
[TimeControl "180+1"]
[Date "2022.09.27"]
[WhiteClock "0:00:11"]
[BlackClock "0:00:18"]

1. e4 c5 2. Nf3 a6 3. d4 cxd4 4. Nxd4 Nf6 5. Bd3 e5 6. Nb3 d5 7. exd5 e4 8. Be2 Qxd5 9. Qxd5 Nxd5 10. O-O Nc6 11. c3 f5 12. N1d2 Be6 13. Nc4 b5 14. Ne3 Be7 15. Nxd5 Bxd5 16. Be3 Ne5 17. Bd4 Bf6 18. Rfd1 O-O-O 19. Rac1 Bc4 20. Bxc4 Nxc4 21. Rc2 Bxd4 22. Nxd4 g6 23. b3 Ne5 24. Re1 Kb7 25. f3 Nd3 26. Re3 Rhe8 27. g4 b4 28. gxf5 bxc3 29. Ne6 Rd7 30. fxe4 gxf5 31. Rxd3 Rxd3 32. Nc5+ Kb6 33. Nxd3 fxe4 34. Ne1 Rc8 35. Kf2 Kb5 36. Ke3 Kb4 37. Ng2 Rd8 38. Nf4 a5 39. Kxe4 Rd2 40. Nd3+ Kb5 41. Rxc3 Rxa2 42. h3 Rh2 43. Nf4 Kb4 44. Re3 Rc2 45. Nd5+ Kc5 46. Nf6 h6 47. Ng8 h5 48. Nf6 h4 49. Nd7+ Kb4 50. Ne5 Rc3 51. Rxc3 Kxc3 52. Kf4 Kxb3 53. Kg4 a4 54. Nd3 a3 55. Kxh4 Kc3 56. Nc1 Kb2 57. Nd3+ Kc3 58. Nc1 1-0


[Site "https://www.chess.com"]

[Event "Titled Tuesday Blitz September 27 Early 2022"]
[White "Odegov, Artem"]
[Black "Pakleza, Zbigniew"]
[WhiteFideId "34183644"]
[BlackFideId "1119290"]
[WhiteElo "2286"]
[BlackElo "2411"]
[Result "0-1"]
[Round "02"]
[TimeControl "180+1"]
[Date "2022.09.27"]
[WhiteClock "0:00:09"]
[BlackClock "0:00:12"]

1. d4 d6 2. Nf3 Bg4 3. c4 c6 4. Nc3 Nd7 5. g3 Bxf3 6. exf3 e6 7. Bg2 d5 8. O-O Ne7 9. f4 g6 10. b4 Bg7 11. b5 O-O 12. Ba3 Re8 13. Rb1 Nf5 14. Ne2 Nb6 15. bxc6 bxc6 16. c5 Nc4 17. Bb4 Rb8 18. Bc3 Rxb1 19. Qxb1 Qc7 20. Qd3 Rb8 21. Rb1 Rb7 22. Bf1 Qb8 23. Rxb7 Qxb7 24. Qc2 Na3 25. Qa4 Nb5 26. Ba1 h5 27. Qb4 Nbd6 28. Qxb7 Nxb7 29. Bc3 Kf8 30. Bh3 Ke8 31. Kf1 Kd7 32. Ke1 Bf8 33. Kd2 Be7 34. Ng1 Bd8 35. Nf3 f6 36. Kd3 Ke7 37. Bf1 Kf7 38. h4 Bc7 39. Kc2 Ke7 40. Ba6 Nd8 41. a4 Kd7 42. Bd3 Nb7 43. Ba6 Nd8 44. a5 Nh6 45. Bd3 Nf5 46. a6 Ke7 47. Kb3 Kd7 48. Ka4 Nf7 49. Kb3 N7h6 50. Kc2 Ng4 51. Be1 Ke7 52. Kd2 Ba5+ 53. Ke2 Bxe1 54. Kxe1 Kd7 55. Ke2 Ngh6 56. Bxf5 Nxf5 57. Kd3 Ke7 58. Ne1 Kd7 59. Nc2 Kc7 60. Nb4 Ng7 61. Na2 Ne8 62. Nb4 Kd7 63. f3 Nc7 64. Ke3 Nb5 65. Kd3 Nc7 66. Ke3 Nb5 67. g4 Na3 68. gxh5 gxh5 69. f5 exf5 70. Kf4 Nb5 71. Kxf5 Nxd4+ 72. Kxf6 Nxf3 73. Kf5 Nxh4+ 74. Kg5 Nf3+ 75. Kxh5 Nd2 76. Kg4 Ne4 77. Kf5 Nxc5 78. Ke5 Kc7 79. Kd4 Nd7 80. Na2 Kd6 81. Nc3 c5+ 82. Kd3 Kc6 83. Kc2 Nb8 84. Kd3 Nxa6 85. Ne2 Nb4+ 86. Kc3 Kb5 87. Nf4 d4+ 88. Kb3 a5 89. Ne6 a4+ 90. Ka3 Nc2+ 91. Kb2 Ne3 92. Nc7+ Kc4 93. Ne8 Kd3 94. Nd6 c4 95. Nb5 c3+ 96. Ka1 c2 97. Kb2 Kd2 98. Nc3 c1=Q+ 99. Ka2 Qc2+ 100. Ka1 Qxc3+ 101. Ka2 Qb3+ 102. Ka1 Nc2# 0-1


[Site "https://www.chess.com"]

[Event "Titled Tuesday Blitz September 27 Early 2022"]
[White "Omelja, Artem"]
[Black "Visakh N R"]
[WhiteFideId "14119846"]
[BlackFideId "25012223"]
[WhiteElo "2382"]
[BlackElo "2448"]
[Result "1/2-1/2"]
[Round "02"]
[TimeControl "180+1"]
[Date "2022.09.27"]
[WhiteClock "0:00:04"]
[BlackClock "0:00:06"]

1. d4 d5 2. c4 e6 3. Nc3 Bb4 4. Nf3 Nf6 5. cxd5 exd5 6. Qa4+ Nc6 7. Bg5 h6 8. Bxf6 Qxf6 9. e3 O-O 10. Bb5 Bg4 11. Nd2 Bxc3 12. bxc3 Ne7 13. O-O a6 14. Bd3 Bf5 15. Bxf5 Qxf5 16. c4 Qd3 17. Rfd1 b5 18. cxb5 axb5 19. Qb3 Qxb3 20. axb3 b4 21. Rdc1 c6 22. Nf3 f6 23. Ne1 Ra3 24. Rxa3 bxa3 25. Ra1 Ra8 26. Ra2 c5 27. dxc5 Nc6 28. Nc2 Ra5 29. b4 Rb5 30. Rxa3 Nxb4 31. Nxb4 Rxb4 32. g3 Rc4 33. Ra5 Kf7 34. Kg2 g5 35. h3 h5 36. Ra7+ Kg6 37. Rc7 g4 38. hxg4 hxg4 39. c6 Rc1 40. Rc8 Kf5 41. Rd8 Rxc6 42. Rxd5+ Kg6 43. Rd4 f5 44. Rd5 Rc4 45. Rd2 Ra4 46. Kf1 Kg5 47. Ke2 Rb4 48. Rc2 Rb5 49. Kd3 Ra5 50. Kd4 Ra4+ 51. Kd5 Ra5+ 52. Kc6 Ra6+ 53. Kd7 Ra7+ 54. Ke6 Ra6+ 55. Ke5 Ra5+ 56. Kd4 Ra4+ 57. Kd3 Ra3+ 58. Ke2 Ra5 59. Rd2 Rb5 60. Kf1 Ra5 61. Kg2 Rb5 62. Rd6 Ra5 63. Re6 Rb5 64. e4 fxe4 65. Rxe4 Ra5 66. Rf4 Ra1 67. Re4 Rb1 68. Re5+ Kg6 69. Re3 Kg5 70. Re5+ Kg6 71. Re2 Kg5 72. f4+ gxf3+ 73. Kxf3 Rb3+ 74. Kg2 Rb5 75. Kh3 Ra5 76. Re4 Rb5 77. Rg4+ Kh5 78. Rh4+ Kg5 79. Rf4 Ra5 80. Rf8 Ra4 81. Rg8+ Kh6 82. g4 Ra1 83. Re8 Rh1+ 84. Kg2 Ra1 85. Re5 Kg6 86. Kg3 Rg1+ 87. Kf3 Rf1+ 88. Kg2 Ra1 89. Re4 Ra3 90. Re5 Rb3 91. Rd5 Ra3 92. Rc5 1/2-1/2


[Site "https://www.chess.com"]

[Event "Titled Tuesday Blitz September 27 Early 2022"]
[White "Orlov, Georgi"]
[Black "Petrosyan, Manuel"]
[WhiteFideId "2011271"]
[BlackFideId "13300857"]
[WhiteElo "2607"]
[BlackElo "2592"]
[Result "0-1"]
[Round "02"]
[TimeControl "180+1"]
[Date "2022.09.27"]
[WhiteClock "0:00:01"]
[BlackClock "0:00:40"]

1. d4 Nf6 2. Nf3 d6 3. c4 g6 4. Nc3 Bf5 5. Nh4 Bd7 6. e4 Bg7 7. e5 dxe5 8. dxe5 Ng4 9. f4 O-O 10. Be2 Nh6 11. Be3 Bc6 12. O-O e6 13. Qxd8 Rxd8 14. Rad1 Nd7 15. b4 Nb6 16. b5 Be8 17. a4 Bf8 18. a5 Nd7 19. Bf3 Be7 20. g3 c6 21. a6 Nc5 22. axb7 Nxb7 23. bxc6 Na5 24. c7 Rxd1 25. Rxd1 Rc8 26. Nb5 Bxb5 27. cxb5 Rxc7 28. b6 axb6 29. Bxb6 Bc5+ 30. Bxc5 Rxc5 31. g4 Kg7 32. Ng2 Rc3 33. Be2 Nc6 34. h3 Ne7 35. g5 Nhf5 36. Bg4 Nd5 37. h4 Rg3 38. Bxf5 gxf5 39. Rd2 Nxf4 40. Kh2 Rxg2+ 41. Rxg2 Nxg2 42. Kxg2 Kg6 43. Kg3 h6 44. gxh6 Kxh6 0-1


[Site "https://www.chess.com"]

[Event "Titled Tuesday Blitz September 27 Early 2022"]
[White "Ozen, Bahadir"]
[Black "Goncalves, Davi Sulzbacher"]
[WhiteFideId "6337058"]
[BlackFideId "2154510"]
[WhiteElo "2503"]
[BlackElo "2107"]
[Result "1-0"]
[Round "02"]
[TimeControl "180+1"]
[Date "2022.09.27"]
[WhiteClock "0:00:53"]
[BlackClock "0:00:12"]

1. g3 c6 2. Bg2 d5 3. Nf3 Nf6 4. O-O Bf5 5. d3 e6 6. Nh4 Bg4 7. h3 Bh5 8. Qe1 Be7 9. f4 Nbd7 10. e4 dxe4 11. dxe4 O-O 12. Be3 Ne8 13. Nc3 Bxh4 14. gxh4 Qe7 15. Qg3 Nd6 16. b3 h6 17. Rae1 Rad8 18. Kh1 f5 19. e5 Ne8 20. Na4 b5 21. Nb2 Nb6 22. Nd3 Nd5 23. Bc5 Qf7 24. Bxf8 Qxf8 25. c4 Nc3 26. Nc1 b4 27. a3 c5 28. axb4 cxb4 29. Bf3 Bxf3+ 30. Qxf3 a5 31. Rg1 Qe7 32. h5 Rd2 33. Rg2 Rd4 34. Ne2 Re4 35. Rgg1 Qh4 36. Kh2 Nxe2 37. Rxe2 Rxf4 38. Qg3 Qxg3+ 39. Kxg3 Rd4 40. Ra1 Rd3+ 41. Kg2 Rxb3 42. Rxa5 Rc3 43. Rd2 Rxc4 44. Ra8 Kf7 45. Rd7+ Kf8 46. Rdd8 Rc2+ 47. Kf3 Rc3+ 48. Ke2 Rxh3 49. Rxe8+ Kf7 50. Rf8+ Ke7 51. Rfb8 Kd7 52. Rb6 Rxh5 53. Ra7+ Kc8 54. Rxe6 Rh2+ 55. Kd3 Kd8 56. Rd6+ Ke8 57. Rb6 Rh3+ 58. Kd2 Rh2+ 59. Kc1 Rh1+ 60. Kb2 Rh2+ 61. Kb3 Rd2 62. Rb8+ Rd8 63. Rxd8+ Kxd8 64. Rxg7 f4 65. Kxb4 f3 66. Kc3 Ke8 67. Kd3 h5 68. Ke3 h4 69. Kxf3 Kf8 70. Rg6 Kf7 71. Rf6+ Ke7 72. Kg4 Ke8 73. Kh3 Ke7 74. Kxh4 Ke8 75. Kg5 Ke7 76. Kf5 Ke8 77. Ke6 Kd8 78. Kd6 Ke8 79. e6 1-0


[Site "https://www.chess.com"]